 Dungeon Sprint DCSS version 0.28.0-62-gf88900778d (webtiles) character file.

Game seed: 5878096454480372111

2047 cbfl8 the Warrior (level 9, -10/97 HPs)
             Began as a Minotaur Berserker on Jan 14, 2024.
             Was an Elder of Trog.
             Mangled by a death drake (11 damage)
             ... in the Dungeon (Sprint II: "The Violet Keep of Menkaure").
             The game lasted 00:03:40 (1442 turns).

cbfl8 the Warrior (Minotaur Berserker)              Turns: 1442, Time: 00:03:40

Health: -10/97     AC:  2    Str: 22      XL:     9   Next: 4%
Magic:  7/7        EV: 13    Int:  2      God:    Trog [****..]
Gold:   729        SH:  0    Dex: 13 (14) Spells: 8/8 levels left

rFire   . . .      SeeInvis .   a - +0 hand axe
rCold   . . .      Faith    .   (no shield)
rNeg    . . .      Spirit   .   b - +0 animal skin
rPois   .          Reflect  .   (helmet restricted)
rElec   .          Harm     .   (no cloak)
rCorr   .          Rampage  .   (no gloves)
Will    ++...      NoTele   +   (no boots)
Stlth   +.........              (no amulet)
HPRegen 1.26/turn               (no ring)
MPRegen 0.10/turn               (no ring)

@: strong-willed, on berserk cooldown, regenerating, slowed, unable to read,
very slow
A: horns 2, retaliatory headbutt, deterioration 1, dopey 1, low MP 1, inability
to read while threatened
a: Renounce Religion, Berserk, Trog's Hand, Brothers in Arms


You were in the Dungeon.
You worshipped Trog.
Trog was greatly pleased with you.
You visited 1 branch You collected 729 gold pieces.

Inventory:

Hand Weapons
 a - a +0 hand axe (weapon)
Armour
 b - a +0 animal skin (worn)
Scrolls
 h - a scroll of blinking
Potions
 e - a potion of haste
 f - 2 potions of magic
 g - a potion of berserk rage


   Skills:
 + Level 15.0 Fighting
 + Level 14.8 Axes
 + Level 7.5 Armour
 - Level 3.7 Dodging
 * Level 7.9 Evocations


You had 8 spell levels left.
You didn't know any spells.
Your spell library was empty.

Dungeon Overview and Level Annotations

Branches:
Dungeon (1/1)

Altars:
Cheibriados
Dithmenos
Elyvilon
Fedhas
Gozag
Hepliaklqana
Kikubaaqudgha
Makhleb
Qazlal
Ru
Sif Muna
Trog
Uskayaw
Wu Jian
Xom
Yredelemnul
The Shining One
Beogh
Jiyva
Lugonu

Shops:
D =

Annotations:
D Roxanne


Innate Abilities, Weirdness & Mutations

You have a pair of horns on your head.
You reflexively headbutt those who attack you in melee.
Your body sometimes deteriorates upon taking damage.
You are dopey. (Int -2)
Your magical capacity is low. (-10% MP)
You sometimes lose the ability to read scrolls when taking damage.


Message History

Found five items.
You feel less confused.
You feel very sick.
The hornet misses the death drake.
The hornet stings the death drake!
The hornet stings itself!
The hornet dies!
Unknown command.
Okay, then.
Okay, then.
Your skin crawls.
You feel strong-willed.
You feel sick.
The boulder beetle curls into a ball and begins rolling!
The death drake bites you!
* * * LOW HITPOINT WARNING * * *
The death drake barely misses you. You furiously retaliate!
You headbutt the death drake!
You fail to use your ability.
You feel sick.
The boulder beetle stops rolling and uncurls.
The swamp drake breathes poison at you.
The noxious blast engulfs the yaktaur but does no damage.
The death drake bites you.
* * * LOW HITPOINT WARNING * * *
The yaktaur is engulfed in noxious fumes.
The yaktaur appears confused.
The boulder beetle is engulfed in noxious fumes.
The death drake barely misses you. You furiously retaliate!
You headbutt the death drake.
Found a spear, a scroll of blinking, 26 gold pieces and 38 stones.
* * * LOW HITPOINT WARNING * * *
You feel very sick.
You are no longer poisoned.
The yaktaur shouts!
The yaktaur is engulfed in noxious fumes.
The boulder beetle is engulfed in noxious fumes.
The boulder beetle leaps!
The swamp drake breathes poison at you.
The noxious blast engulfs the death drake but does no damage.
The death drake bites you!
You die...

. #. k .#### +^##.
○▓)(|?!$$$ ....# ^.k#
##▓($$$[!(( ##..## #..#
$#▓$[:)$$$( .##..# +°.#
y#▓?[(?$$?$ ..#..# #.°#
h#▓$!(?[!(?
#.'..####.°##.#▓($!)[($)
..#....###°°°##▓▓▓▓▓▓▓+▓
.##......≈≈°k°°k@○○○○○○○
##≈≈....§≈#+########+###
≈≈≈≈§§≈§.≈#.._.....#S§§#
≈≈≈≈≈≈≈§§≈#._._....#S§≈≈
≈≈≈≈§≈§≈≈≈#_._._...#§≈≈§
≈≈≈≈§≈≈§≈≈#._._._..#≈≈≈§
#≈§§§§§§≈≈#_._._._.#≈§§§
##§§≈###≈≈#._._._._#≈≈≈
≈##§≈ #§≈#_._._


You could see a death drake, a swamp drake (catching breath) and 2 water
moccasins.

Vanquished Creatures
  A boulder beetle (D)
  A vampire mosquito (D)
  4 neqoxecs (D)
  Menkaure (D)
  A water moccasin (D)
  4 necrophages (D)
  4 scorpions (D)
16 creatures vanquished.

Vanquished Creatures (others)
  2 polar bears (D)
  A hornet (D)
  A swamp drake (D)
4 creatures vanquished.

Grand Total: 20 creatures vanquished

Notes
Turn   | Place    | Note
-------+----------+-------------------------------------------
     0 | D        | cbfl8 the Minotaur Berserker began the quest for the Orb.
     0 | D        | Reached XP level 1. HP: 19/19 MP: 0/0
     1 | D        | Noticed a necrophage
     1 | D        | Noticed a necrophage
     1 | D        | Noticed a necrophage
     1 | D        | Noticed a necrophage
     7 | D        | Killed a necrophage
     8 | D        | Reached skill level 7 in Fighting
     8 | D        | Reached XP level 2. HP: 34/34 MP: 1/1
     8 | D        | Reached XP level 3. HP: 39/39 MP: 2/2
     8 | D        | Reached XP level 4. HP: 47/47 MP: 3/3
    11 | D        | Killed a necrophage
    12 | D        | Reached skill level 8 in Fighting
    12 | D        | Reached XP level 5. HP: 56/56 MP: 4/4
    15 | D        | Killed a necrophage
    15 | D        | Reached ** piety under Trog
    16 | D        | Reached skill level 9 in Fighting
    16 | D        | Reached skill level 5 in Armour
    16 | D        | Killed a necrophage
    17 | D        | Reached skill level 10 in Fighting
    17 | D        | Reached skill level 10 in Axes
    17 | D        | Reached XP level 6. HP: 67/67 MP: 5/5
   118 | D        | Noticed a neqoxec
   122 | D        | Gained mutation: Your body sometimes deteriorates upon
                  | taking damage. [a neqoxec]
   127 | D        | Killed a neqoxec
   128 | D        | Reached skill level 11 in Fighting
   188 | D        | Noticed a boulder beetle
   188 | D        | Noticed a boulder beetle
   203 | D        | Noticed a neqoxec
   207 | D        | Gained mutation: Your magical capacity is low. (-10% MP) [a
                  | neqoxec]
   222 | D        | Killed a neqoxec
   223 | D        | Reached skill level 5 in Evocations
   223 | D        | Reached XP level 7. HP: 29/75 MP: 5/5
   370 | D        | Reached skill level 12 in Fighting
   372 | D        | Reached *** piety under Trog
   529 | D        | Identified Roxanne's Almanac of Clay
   529 | D        | Noticed Roxanne
   559 | D        | Found a stormy altar of Qazlal.
   562 | D        | Noticed a neqoxec
   647 | D        | Noticed a neqoxec
   648 | D        | Gained mutation: You sometimes lose the ability to read
                  | scrolls when taking damage. [a neqoxec]
   652 | D        | Gained mutation: You are dopey. (Int -2) [a neqoxec]
   653 | D        | Killed a neqoxec
   654 | D        | Reached skill level 13 in Fighting
   657 | D        | Reached XP level 8. HP: 86/86 MP: 6/6
   661 | D        | Reached **** piety under Trog
   902 | D        | Found Buif Ybadaomn's Jewellery Emporium.
   923 | D        | Noticed Menkaure
   930 | D        | Killed Menkaure
   931 | D        | Reached skill level 14 in Fighting
  1278 | D        | Killed a boulder beetle
  1279 | D        | Reached skill level 15 in Fighting
  1279 | D        | Reached XP level 9. HP: 97/97 MP: 7/7
  1404 | D        | Found an ornate altar of the Wu Jian Council.
  1406 | D        | Found a glowing golden altar of the Shining One.
  1407 | D        | Found a hazy altar of Hepliaklqana.
  1407 | D        | Found a sacrificial altar of Ru.
  1407 | D        | Found a shimmering altar of Xom.
  1408 | D        | Found a viscous altar of Jiyva.
  1408 | D        | Found a shimmering blue altar of Sif Muna.
  1408 | D        | Found a basalt altar of Yredelemnul.
  1409 | D        | Found a snail-covered altar of Cheibriados.
  1409 | D        | Found an ancient bone altar of Kikubaaqudgha.
  1409 | D        | Found a bloodstained altar of Trog.
  1410 | D        | Found a shadowy altar of Dithmenos.
  1410 | D        | Found a corrupted altar of Lugonu.
  1410 | D        | Found a hide-covered altar of Uskayaw.
  1412 | D        | Found a white marble altar of Elyvilon.
  1412 | D        | Found a burning altar of Makhleb.
  1414 | D        | Found a blossoming altar of Fedhas.
  1427 | D        | Noticed a yaktaur
  1427 | D        | Noticed a polar bear
  1427 | D        | Noticed a polar bear
  1428 | D        | Found an opulent altar of Gozag.
  1432 | D        | Noticed a death drake
  1433 | D        | Killed a polar bear
  1434 | D        | Killed a polar bear
  1435 | D        | Paralysed by a hornet for 3 turns
  1441 | D        | HP: 1/97 [death drake (5)]
  1442 | D        | Mangled by a death drake

Illustrated notes

Levels and vault maps discovered:
D:        the_violet_keep_of_menkaure [sprint2_stairs_cluster_1,
          sprint2_shoproom, sprint2_temple, sprint2_basic_supplies,
          sprint2_obstacle_6, sprint2_obstacle_2, sprint2_obstacle_7,
          sprint2_obstacle_1, sprint2_obstacle_3, sprint2_timed_cluster_1,
          sprint2_smallroom_cluster_1, sprint2_smallroom_final_cluster_1,
          sprint2_transparent_cluster_1, sprint2_second_timed_cluster_1,
          sprint2_sniper_area_1, sprint2_heavy_combat_area_1,
          sprint2_mutation_trap_area_1, sprint2_forest_area_1,
          sprint2_light_combat_area_1, sprint2_behind_water_1,
          sprint2_near_end_vault_1]

Skill      XL: |  1  2  3  4  5  6  7  8 |
---------------+-------------------------+-----
Fighting       | 7 8 10 11 13 15 | 15.0
Axes           | 7 8 10 11 13 14 | 14.8
Armour         | 3 4 5 6 7 |  7.5
Dodging        | 3 |  3.7
Evocations     | 2 4 5 6 7 |  7.9

Action                   |  1- 3 |  4- 6 |  7- 9 || total
-------------------------+-------+-------+-------++-------
Melee: Hand axe          |     5 |    33 |    65 ||   103
       Headbutt          |     1 |     3 |    12 ||    16
       Punch             |       |     1 |       ||     1
Invok: Berserk           |     1 |     2 |     4 ||     7
       Trog's Hand       |       |     2 |     2 ||     4
  Use: Potion            |       |     2 |       ||     2
Armor: Animal skin       |       |     2 |     4 ||     6
Dodge: Dodged            |     2 |     9 |    28 ||    39
